Map: Chain of Ascension

Players

Yuriprime

  • Race: Zerg Zerg
  • Spawn Location: 11:00

TheOutsider

  • Race: Terran Terran
  • Spawn Location: 11:00

VOD

Have the link to the VOD?

Description

Time

  • Played on: Aug. 19, 2017, 4:48 a.m.
  • Length: 19:36
Show
View Real Time Build Order
Export as new Build Order

Yuriprime Zerg 

Build Orders:  

Get SALT Encoding   

  12  0:04  Drone  
  13  0:14  Drone  
  14  0:27  Extractor  
  14  0:28  Drone  
  14  0:29  Extractor  
  13  0:31  Drone  
  5  0:40  Overlord  
  16  1:13  Hatchery  
  16  1:16  Drone  
  16  1:19  Drone  
  17  1:28  Drone  
  18  1:33  Extractor  
  18  1:35  Drone  
  18  1:56  Spawning Pool  
  17  2:05  Drone  
  17  2:06  Drone  
  19  2:13  Drone  
  19  2:16  Drone  
  21  2:32  Drone x2  
  21  2:38  Extractor  
  22  2:43  Drone  
  22  2:46  Drone  
  24  3:01  Spawning Pool  
  24  3:04  Evolution Chamber  
  24  3:06  Lair  
  24  3:09  Drone  
  24  3:16  Drone  
  24  3:19  Drone  
  26  3:28  Overlord  
  26  3:33  Drone  
  26  3:38  Drone  
  28  3:51  Heroic Fortitude  
  28  4:06  Hive  
  28  4:47  Drone  
  28  4:48  Drone x7  
  36  4:51  Overlord x2  
  36  5:13  Ability Efficiency  
  36  5:16  Hydralisk Den  
  35  5:21  Nydus Network  
  33  5:59  Hatchery  
  32  6:00  Extractor  
  32  6:05  Drone, Extractor  
  32  6:06  Drone x5  
  36  6:26  Drone  
  36  6:27  Drone x4  
  41  6:35  Chain Reaction  
  41  7:06  Omega Worm  
  41  7:17  Hydralisk x2  
  45  7:30  Drone  
  45  7:31  Drone x10  
  45  7:37  Frenzy  
  56  8:07  Nydus Network  
  55  8:13  Zerg Missile Weapons Level 1  
  55  8:16  Overlord x3  
  57  8:20  Hydralisk  
  57  8:25  Muscular Augments  
  57  8:41  Omega Worm  
  57  8:48  Hydralisk  
  57  8:49  Ancillary Carapace, Hydralisk x5  
  81  9:13  Hydralisk  
  81  9:14  Hydralisk x5  
  81  9:37  Omega Worm  
  81  9:39  Overlord  
  81  9:40  Overlord x4  
  81  9:48  Zerg Missile Weapons Level 2  
  81  10:06  Omega Worm  
  83  10:15  Hydralisk  
  83  10:16  Hydralisk x8  
  99  10:26  Hydralisk  
  99  10:27  Hydralisk  
  99  10:28  Hydralisk  
  121  11:20  Overlord  
  121  11:21  Overlord x3  
  121  11:24  Hydralisk  
  121  11:25  Hydralisk x7  
  101  11:47  Hydralisk x4  
  105  12:19  Hydralisk  
  119  12:20  Hydralisk x6  
  119  12:28  Omega Worm  
  131  13:04  Hydralisk  
  131  13:05  Hydralisk x8  
  129  13:20  Zerg Missile Weapons Level 3  
  123  13:48  Hydralisk  
  123  13:49  Hydralisk x7  
  139  14:08  Omega Worm  
  151  14:11  Hydralisk  
  151  14:12  Hydralisk x5  
  153  14:21  Hydralisk  
  153  14:35  Omega Worm  
  153  14:38  Overlord  
  153  14:39  Overlord x4  
  165  15:30  Hydralisk  
  165  15:31  Hydralisk x8  
  147  15:42  Hydralisk  
  147  15:43  Hydralisk x2  
Show
View Real Time Build Order
Export as new Build Order

TheOutsider Terran 

Build Orders:  

Get SALT Encoding   

  12  0:09  SCV  
Tags
 
Add a new tag
Caveats
  • Supply blocks, unpowered buildings, or Contaminate may cause inaccurate times.
  • Supply counts are checked every 10 seconds.